 Dungeon Crawl Stone Soup version 0.28.0-53-g5a82cb258f (console) character file.

Game seed: 5358183685331267389

425 erker the Digger (level 6, -2/38 HPs)
             Began as an Octopode Earth Elementalist on July 9, 2022.
             Slain by an orc
             ... wielding a +0 club
              (3 damage)
             ... on level 4 of the Dungeon.
             The game lasted 00:09:36 (4645 turns).

erker the Digger (Octopode Earth Elementalist)      Turns: 4645, Time: 00:09:37

Health: -2/38      AC:  1    Str:  7    XL:     6   Next: 96%
Magic:  9/9        EV: 13    Int: 19    God:
Gold:   130        SH:  0    Dex: 13    Spells: 6/9 levels left

rFire   . . .      SeeInvis .   a - +3 short sword
rCold   . . .      Faith    .   (no shield)
rNeg    . . .      Spirit   .   (helmet restricted)
rPois   .          Reflect  .   (no amulet)
rElec   .          Harm     .   (no ring)
rCorr   .          Rampage  .   (no ring)
Will    .....                   (no ring)
Stlth   +++.......              (no ring)
HPRegen 0.12/turn               (no ring)
MPRegen 0.11/turn               (no ring)
                                (no ring)
                                (no ring)

@: attractive, hasted, very quick
A: almost no armour, amphibious, 8 rings, camouflage 1, gelatinous body 1,
(nimble swimmer 1), tentacles
a: no special abilities


You were on level 4 of the Dungeon.
You visited 1 branch of the dungeon, and saw 4 of its levels.

You collected 130 gold pieces.

Inventory:

Hand Weapons
 a - a +3 short sword (weapon)
 o - a +0 dagger
Missiles
 b - 97 stones
 j - 8 poisoned darts
Wands
 p - a wand of acid (2)
Scrolls
 d - a scroll of vulnerability {unknown}
 e - a scroll of fear {unknown}
 g - a scroll of summoning {unknown}
 h - a scroll of acquirement {unknown}
 m - 3 scrolls of noise {unknown}
 n - a scroll of identify {unknown}
 r - a scroll of silence {unknown}
Potions
 c - a potion of lignification {unknown}
 f - a potion of attraction
 i - a potion of haste
 k - a potion of cancellation {unknown}
 l - a potion of brilliance {unknown}
 q - a potion of curing {unknown}


   Skills:
 - Level 1.0 Fighting
 - Level 4.0 Short Blades
 - Level 2.0 Dodging
 - Level 4.0 Stealth
 - Level 2.0 Spellcasting
 - Level 4.0 Transmutations
 + Level 4.1 Earth Magic


You had 6 spell levels left.
You knew the following spells:

 Your Spells              Type           Power      Damage    Failure   Level
a - Sandblast             Erth           34%        2d9       3%          1
w - Passwall              Tmut/Erth      14%        N/A       4%          2

Your spell library contained the following spells:

 Spells                   Type           Power      Damage    Failure   Level
 Stone Arrow              Conj/Erth      18%        3d8       22%         3
 Petrify                  Tmut/Erth      17%        N/A       32%         4


Dungeon Overview and Level Annotations

Branches:
Dungeon (4/15)
 Temple: D:4-7

Altars:
Gozag
Ru


Innate Abilities, Weirdness & Mutations

You cannot wear most types of armour.
You are amphibious.
You can wear up to eight rings at the same time.
Your skin changes colour to match your surroundings (Stealth+).
Your rubbery body absorbs attacks. (AC +1, EV +1)
((You are camouflaged when in or above water. (Stealth+)))
You have tentacles for arms and can constrict up to eight enemies at once.


Message History

The hound closely misses you.
The orc wizard hits you with a +0 dagger.
An orc comes into view. It is wielding a +0 flail.
You hit the orc wizard.
The orc wizard is heavily wounded.
You constrict the orc wizard, but do no damage.
The hound misses you.
The orc wizard hits you with a +0 dagger.
The hound misses you.
You hit the orc wizard but do no damage.
The orc wizard is heavily wounded.
You constrict the orc wizard, but do no damage.
The hound closely misses you.
The orc wizard hits you with a +0 dagger.
You hit the orc wizard.
The orc wizard is severely wounded.
You constrict the orc wizard, but do no damage.
The hound barely misses you. The orc wizard barely misses you.
You hit the orc wizard. You squeeze the orc wizard.
The orc wizard is almost dead.
You constrict the orc wizard. The hound bites you.
The orc wizard barely misses you.
You hit the orc wizard.
You kill the orc wizard!
The hound barely misses you. The hound bites you.
* * * LOW HITPOINT WARNING * * *
Training target 4.0 for Transmutations reached!
Your Transmutations skill increases to level 4!
You need to enable at least one skill for training.
It was a potion of attraction.
You feel attractive to monsters. The hound bites you.
* * * LOW HITPOINT WARNING * * *
The orc closely misses you.
It was a potion of haste.
You feel yourself speed up. The hound bites you.
* * * LOW HITPOINT WARNING * * *
The hound bites you.
* * * LOW HITPOINT WARNING * * *
The orc hits you with a +0 club.
You die...

........$.......#
................#
................#
................#
#................##
#...#####.......o#
...####...#>...oo#
#.......########h#
...#...##...## #@#
.#..........[###o#
..............##o#
..............##oo
..............###.
.##..........## .#
.......##...## .#
...########## .#
...#####


You could see a hound and 7 orcs.

Vanquished Creatures
  2 hounds
  A jelly (D:4)
  2 orc priests (D:3)
  Ijyb (D:3)
  Jessica (D:2)
  An orc wizard (D:4)
  2 hound skeletons (D:4)
  Robin (D:3)
  6 adders
  4 worms
  A dart slug (D:4)
  9 orcs
  6 ball pythons
  5 bats
  3 endoplasms
  4 giant cockroaches
  14 hobgoblins
  10 jackals
  4 kobolds (D:1)
  2 quokkas
  3 frilled lizards
  8 goblins
  3 rats
93 creatures vanquished.

Vanquished Creatures (others)
  4 fungi (D:3)
  8 plants (D:3)
12 creatures vanquished.

Grand Total: 105 creatures vanquished

Notes
Turn   | Place    | Note
-------+----------+-------------------------------------------
     0 | D:1      | erker the Octopode Earth Elementalist began the quest for
                  | the Orb.
     0 | D:1      | Reached XP level 1. HP: 11/11 MP: 3/3
   258 | D:1      | Reached XP level 2. HP: 17/17 MP: 5/5
   261 | D:1      | Learned a level 2 spell: Passwall
  1070 | D:1      | Reached skill level 1 in Short Blades
  1559 | D:1      | Reached XP level 3. HP: 21/21 MP: 6/6
  1880 | D:2      | Reached skill level 1 in Fighting
  1880 | D:2      | Reached XP level 4. HP: 27/28 MP: 7/7
  2124 | D:2      | Found a sacrificial altar of Ru.
  2527 | D:2      | Noticed Jessica
  2562 | D:2      | Killed Jessica
  2736 | D:3      | Reached XP level 5. HP: 21/33 MP: 8/8
  2847 | D:3      | Noticed Ijyb
  2865 | D:3      | Found a faded altar of an unknown god.
  3357 | D:3      | Noticed Robin
  3414 | D:3      | Reached XP level 6. HP: 35/38 MP: 9/9
  3418 | D:3      | Killed Robin
  3538 | D:3      | Found an opulent altar of Gozag.
  3765 | D:3      | Found a sacrificial altar of Ru.
  3960 | D:3      | Killed Ijyb
  4645 | D:4      | HP: 1/38 [hound (3)]
  4645 | D:4      | Slain by an orc

Illustrated notes

Levels and vault maps discovered:
D:1:      lightli_arrival_isolated_outpost, layout_loops_ring
D:2:      layout_loops_corners, basic_altar, uniq_jessica
D:3:      layout_loops_ring, grunt_gozag_statues,
          nicolae_ru_the_path_less_chosen,
          shapermc_ecumenical_altar_mp_urbaneastern, uniq_ijyb, uniq_robin
D:4:      layout_rooms

Skill      XL: |  1  2  3  4  5  6 |
---------------+-------------------+-----
Stealth        | 3 4 |  4.0
Short Blades   | 1 2 4 |  4.0
Fighting       | 1 |  1.0
Earth Magic    | 4 |  4.1
Transmutations | 4 |  4.0
Dodging        | |  2.0
Spellcasting   | |  2.0

Action                   |  1- 3 |  4- 6 || total
-------------------------+-------+-------++-------
Melee: Unarmed           |    19 |       ||    19
       Constrict         |    16 |    25 ||    41
       Tentacles         |    15 |    23 ||    38
       Short sword       |    42 |   102 ||   144
       Punch             |       |     2 ||     2
       Dagger            |       |     2 ||     2
 Cast: Sandblast         |    11 |    16 ||    27
       Passwall          |       |     2 ||     2
  Use: Potion            |       |     2 ||     2
 Stab: Sleeping          |     8 |    23 ||    31
Armor: Skin              |     1 |     7 ||     8
Dodge: Dodged            |    38 |    43 ||    81
